 Dungeon Crawl Stone Soup version 0.30-a0-652-gcc886f7154 (webtiles) character file.

Game seed: 9998830831994586394

170 Strat the Slasher (level 5, -3/45 HPs)
             Began as a Draconian Reaver on Jan 17, 2023.
             Slain by an iguana (11 damage)
             ... on level 4 of the Dungeon.
             The game lasted 00:04:40 (2996 turns).

Strat the Slasher (Draconian Reaver)                Turns: 2996, Time: 00:04:41

Health: -3/45      AC:  6    Str: 14    XL:     5   Next: 26%
Magic:  8/8        EV: 12    Int: 13    God:
Gold:   139        SH:  0    Dex: 12    Spells: 1/8 levels left

rFire   . . .      SeeInvis .    a - +0 falchion
rCold   . . .      Faith    .    (no shield)
rNeg    . . .      Spirit   .    (body armour unavailable)
rPois   .          Reflect  .    (helmet restricted)
rElec   .          Harm     .    n - +0 cloak
rCorr   .          Rampage  .    (no gloves)
Will    .....                    (no boots)
Stlth   +                        (no amulet)
HPRegen 0.27/turn                (no ring)
MPRegen 0.11/turn                (no ring)

@: brilliant
A: AC +5, unfitting armour, cold-blooded
a: no special abilities


You were on level 4 of the Dungeon.
You visited 1 branch of the dungeon, and saw 4 of its levels.

You collected 139 gold pieces.

Inventory:

Hand Weapons
 a - a +0 falchion (weapon)
Missiles
 e - 19 poisoned darts
 f - 5 boomerangs
Armour
 n - a +0 cloak (worn)
Scrolls
 i - a scroll of vulnerability
 m - a scroll of teleportation
 o - 2 scrolls of enchant weapon {unknown}
Potions
 b - 2 potions of attraction
 c - a potion of cancellation
 h - a potion of degeneration
 j - a potion of haste {unknown}
 k - 2 potions of flight


   Skills:
 - Level 3.0 Fighting
 * Level 5.7 Long Blades
 - Level 1.7 Dodging
 - Level 2.0 Spellcasting
 - Level 3.0 Conjurations


You had one spell level left.
You knew the following spells:

 Your Spells              Type           Power      Damage    Failure   Level
a - Kiss of Death         Conj/Necr      28%        2d7       14%         1
b - Momentum Strike       Conj/Tloc      14%        3d8       21%         2
c - Hailstorm             Conj/Ice       7%         3d4       38%         3
d - Sandblast             Erth           2%         2d4       26%         1

Your spell library contained the following spells:

 Spells                   Type           Power      Damage    Failure   Level
 Passwall                 Tmut/Erth      0%         N/A       36%         2
 Stone Arrow              Conj/Erth      14%        3d7       38%         3


Dungeon Overview and Level Annotations

Branches:
Dungeon (4/15)
 Temple: D:4-7

Altars:


Innate Abilities, Weirdness & Mutations

Your plain brown scales are hard. (AC +5)
You cannot fit into any form of body armour.
You are cold-blooded and may be slowed by cold attacks.


Message History

Press: ? - help, Shift-Dir - straight line, f - centaur
Aim: a centaur (100% to hit)
The negative energy hits the centaur!
The centaur is drained!
The centaur is heavily wounded.
You feel drained. The centaur hits you.
The centaur kicks you but does no damage.
An iguana comes into view.
The centaur hits you but does no damage.
The centaur barely misses you.
The iguana hisses menacingly.
The centaur closely misses you.
The centaur kicks you but does no damage.
The centaur hits you.
The centaur kicks you but does no damage.
You hit the centaur.
The centaur is severely wounded.
The centaur barely misses you. x2
The centaur hits you but does no damage.
The centaur closely misses you.
The centaur wields a +0 shortbow.
The centaur shoots an arrow.
The arrow misses you.
The centaur shoots an arrow.
The arrow hits you!
* * * LOW HITPOINT WARNING * * *
It was a potion of brilliance.
You feel clever all of a sudden.
The centaur shoots an arrow.
The arrow hits you.
* * * LOW HITPOINT WARNING * * *
The centaur unwields a +0 shortbow.
The centaur hits you.
* * * LOW HITPOINT WARNING * * *
The centaur kicks you.
* * * LOW HITPOINT WARNING * * *
The centaur hits you but does no damage.
The centaur misses you.
You slash the centaur!
You kill the centaur!
Your life force feels restored.
Your Long Blades skill increases to level 5!
You have reached level 5!
You completely miss the iguana. The iguana bites you!
You die...

#.###.## ####.##...# ##.
###O###....>....# .# #..
...........##...##.###.....
###.#...####............#
#...........####.#.#
#.#.......#....#.# #
#..###.l..#....# # #..
#@#.##....#..#.# #..
#.#............. #..
#...........##.#
###........## #.##...###
.?.##...# ###.###.## #..
... ... .(##


You could see an iguana.

Vanquished Creatures
  A centaur (D:4)
  An adder (D:2)
  A gnoll (D:1)
  4 worms
  A dart slug (D:1)
  An orc (D:4)
  2 ball pythons
  4 bats
  6 endoplasms
  4 giant cockroaches
  10 goblins
  3 hobgoblins
  3 quokkas
  6 kobolds
  8 rats
55 creatures vanquished.

Notes
Turn   | Place    | Note
-------+----------+-------------------------------------------
     0 | D:1      | Strat the Draconian Reaver began the quest for the Orb.
     0 | D:1      | Reached XP level 1. HP: 17/17 MP: 3/3
    92 | D:1      | Reached XP level 2. HP: 23/25 MP: 5/5
    96 | D:1      | Learned a level 2 spell: Momentum Strike
   826 | D:2      | Reached XP level 3. HP: 30/30 MP: 6/6
   842 | D:2      | Found a faded altar of an unknown god.
   957 | D:2      | Reached skill level 4 in Long Blades
  1343 | D:2      | Learned a level 3 spell: Hailstorm
  1441 | D:2      | Reached XP level 4. HP: 38/38 MP: 7/7
  1990 | D:2      | Learned a level 1 spell: Sandblast
  2858 | D:4      | Noticed a necrophage
  2966 | D:4      | Noticed an ogre
  2979 | D:4      | Noticed a centaur
  2995 | D:4      | Killed a centaur
  2996 | D:4      | Reached skill level 5 in Long Blades
  2996 | D:4      | Reached XP level 5. HP: 8/45 MP: 8/8
  2996 | D:4      | Slain by an iguana

Illustrated notes

Levels and vault maps discovered:
D:1:      minmay_arrival_nine_rooms, layout_basic
D:2:      layout_basic, hellmonk_ecumenical_altar_prayer_group
D:3:      layout_basic
D:4:      layout_loops_ring, portal_sewer_entry_d

Skill      XL: |  1  2  3  4 |
---------------+-------------+-----
Fighting       | 3 |  3.0
Long Blades    | 4 5 |  5.7
Dodging        | |  1.7
Spellcasting   | |  2.0
Conjurations   | |  3.0

Action                   |  1- 3 |  4- 6 || total
-------------------------+-------+-------++-------
Melee: Falchion          |   161 |    60 ||   221
       Tailslap          |     8 |     8 ||    16
 Cast: Kiss of Death     |       |     1 ||     1
  Use: Scroll            |       |     8 ||     8
       Potion            |       |     1 ||     1
 Stab: Sleeping          |     1 |     1 ||     2
Armor: Skin              |    46 |    25 ||    71
Dodge: Dodged            |   121 |    46 ||   167

Table legend: (Time is in decaauts)
 A = Elapsed time spent in this place.
 B = Non-inter-level travel time spent in this place.
 C = Inter-level travel time spent in this place.
 D = Time resting spent in this place.
 E = Time spent auto-exploring this place.
 F = Levels seen in this place.
 G = Mean time per level.
                   A        B        C        D        E       F      G
               +--------+--------+--------+--------+--------+-----+--------+
         Total |   3017 |   2858 |    159 |    115 |   2091 |   4 |  754.2 |
       Dungeon |   3017 |   2858 |    159 |    115 |   2091 |   4 |  754.2 |
               +--------+--------+--------+--------+--------+-----+--------+

Top non-repeatable levels by time:
     D:2: 1251 daAuts
     D:1: 784 daAuts
     D:3: 711 daAuts
     D:4: 270 daAuts
